 Dungeon Crawl Stone Soup version 0.31-a0-182-gc5ef74bbde (webtiles) character file.

Game seed: 13665728131568835315

206 qw the Chopper (level 5, 0/32 HPs)
             Began as a Gargoyle Fighter on June 20, 2023.
             Slain by Jessica
             ... wielding a +3 dagger of freezing
              (2 damage)
             ... on level 3 of the Dungeon.
             The game lasted 00:00:52 (1325 turns).

qw the Chopper (Gargoyle Fighter)                   Turns: 1325, Time: 00:00:53

Health: 0/32       AC: 10    Str: 21    XL:     5   Next: 84%
Magic:  5/5        EV:  9    Int:  9    God:
Gold:   167        SH:  0    Dex:  9    Spells: 4/4 levels left

rFire   . . .        Y - +1 war axe
rCold   . . .        c - +0 buckler
rNeg    + . .        b - +0 scale mail
rPois   inf          (no helmet)
rElec   +            (no cloak)
rCorr   .            (no gloves)
SInv    .            (no boots)
Will    .....        (no amulet) Stlth
                     (no ring)
HPRegen 0.25/turn    (no ring)
MPRegen 0.09/turn

%: no passive effects
@: confused, slowed, very slow
A: sickness immunity, AC +4, negative energy resistance 1, electricity
resistance, torment resistance 1, petrification resistance
a: no special abilities


You were on level 3 of the Dungeon.
You visited 1 branch of the dungeon, and saw 3 of its levels.

You collected 167 gold pieces.


Innate Abilities, Weirdness & Mutations

You are immune to sickness and miasma.
Your stone body is resilient. (AC +4)
You are immune to poison.
You resist negative energy. (rN+)
You are resistant to electric shocks. (rElec)
You are resistant to unholy torment.
You are immune to petrification.


   Skills:
 + Level 3.4 Fighting
 - Level 5.3 Axes
 - Level 3.2 Armour
 - Level 3.2 Shields


You had 4 spell levels left.
You didn't know any spells.
Your spell library was empty.

Inventory:

Hand Weapons
 l - a +0 flail
 Y - a +1 war axe (weapon)
Armour
 b - a +0 scale mail (worn)
 c - a +0 buckler (worn)
Potions
 d - a potion of might
 f - a potion of curing {unknown}
 h - a potion of haste

Dungeon Overview and Level Annotations

Branches:
Dungeon (3/15)

Altars:

Annotations:
D:3 Ijyb, Jessica


Message History

Ijyb is moderately wounded.
You feel your willpower return. You block the bat's attack.
You block Ijyb's attack. Jessica casts a spell at you.
You barely resist. You slash the bat!
You kill the bat!
You hit Ijyb. Ijyb hits you but does no damage.
You slash Ijyb!
Ijyb is almost dead.
You feel yourself slow down.
Ijyb zaps a wand.
Your will is overpowered!
You are confused.
Jessica casts a spell.
Jessica blinks!
Jessica closely misses you.
Ijyb drinks a potion.
Ijyb seems to grow stronger.
Jessica hits you with a +3 dagger of freezing.
Jessica freezes you. Ijyb hits you with a +0 club.
Ijyb hits you but does no damage. Jessica hits you but does no damage.
Jessica hits you with a +3 dagger of freezing.
Jessica freezes you. Ijyb hits you but does no damage.
Jessica casts a spell at you.
You feel yourself slow down. Ijyb hits you with a +0 club.
Jessica hits you but does no damage.
Ijyb zaps a wand.
Your will is overpowered!
You are more confused.
Ijyb hits you with a +0 club!
Jessica points at you and mumbles some strange words.
You resist with some effort.
Ijyb zaps a wand.
Your will is overpowered!
You are more confused.
Jessica casts a spell.
Jessica blinks!
Ijyb zaps a wand.
Your will is overpowered!
You are more confused.
Ijyb hits you with a +0 club. Ijyb barely misses you.
Jessica hits you with a +3 dagger of freezing.
Jessica freezes you.
You die...

### ### ##.#
...##..# #$
....# #.. #..#
.
#.##..##.<###.#
..............#
.##..#.......#
#. #@......#
#.....g@...##.#
##.#.......# ##
...........
#.#.#.###.### #
..#. .# .# #.
.# #. #.


You could see Ijyb (strong) and Jessica.

Vanquished Creatures
  Sigmund (D:2)
  2 dart slugs
  6 bats
  5 endoplasms
  A giant cockroach (D:2)
  7 goblins
  5 hobgoblins (D:1)
  3 jackals (D:1)
  A ball python (D:1)
  5 kobolds (D:1)
  8 rats (D:1)
44 creatures vanquished.

Notes
Turn   | Place    | Note
-------+----------+-------------------------------------------
     0 | D:1      | qw the Gargoyle Fighter began the quest for the Orb.
     0 | D:1      | Reached XP level 1. HP: 14/14 MP: 1/1
     0 | D:1      | 0 ||| qw: Version: 0.3-a-9-g12657ce
     0 | D:1      | 0 ||| qw: Game counter: 1443
     0 | D:1      | 0 ||| qw: Always use a shield: true
     0 | D:1      | 0 ||| qw: God list: Okawaru
     0 | D:1      | 0 ||| qw: Allow faded altars: false
     0 | D:1      | 0 ||| qw: Do Orc after D:15 true
     0 | D:1      | 0 ||| qw: Do second Lair branch before Depths: true
     0 | D:1      | 0 ||| qw: Lair rune preference: random
     0 | D:1      | 0 ||| qw: Plans: Normal, Zot:1-4, Slime:5, God:TSO, Crypt,
                  | Tomb, Abyss, Pan, Hells, Win
     0 | D:1      | 0 ||| PLANNING D:1-11
    88 | D:1      | 88 ||| Stepping ~*~*~tactically~*~*~ (stealth).
    97 | D:1      | Reached skill level 2 in Axes
   106 | D:1      | Reached XP level 2. HP: 14/19 MP: 2/2
   117 | D:1      | 117 ||| FLEEEEING.
   226 | D:1      | 226 ||| Stepping ~*~*~tactically~*~*~ (stealth).
   300 | D:1      | Reached skill level 3 in Axes
   337 | D:1      | Reached XP level 3. HP: 23/23 MP: 3/3
   399 | D:1      | 399 ||| DROPPING +0 club.
   440 | D:1      | 440 ||| Stepping ~*~*~tactically~*~*~ (stealth).
   441 | D:1      | 441 ||| Stepping ~*~*~tactically~*~*~ (stealth).
   442 | D:1      | 442 ||| Stepping ~*~*~tactically~*~*~ (stealth).
   495 | D:1      | 495 ||| DROPPING +0 whip.
   629 | D:1      | 629 ||| READING scroll labelled VOKUGUQILEN.
   632 | D:1      | 632 ||| READING scroll labelled TUDUNI BUOSAR.
   633 | D:1      | 633 ||| READING scroll labelled MURI PERUI.
   634 | D:1      | 634 ||| READING scroll labelled VUMNALO ZANG.
   835 | D:2      | Noticed Sigmund
   848 | D:2      | Killed Sigmund
   849 | D:2      | Reached skill level 5 in Axes
   849 | D:2      | Reached XP level 4. HP: 11/28 MP: 4/4
   849 | D:2      | Reached XP level 5. HP: 13/32 MP: 5/5
  1243 | D:2      | Found a faded altar of an unknown god.
  1255 | D:2      | 1255 ||| READING scroll labelled FAOZYR CITE.
  1256 | D:2      | 1256 ||| READING scroll labelled YXKYNO FAJUSCH.
  1257 | D:2      | 1257 ||| READING scroll labelled EPLIKI OTSI.
  1258 | D:2      | 1258 ||| DRINKING 2 amethyst potions.
  1308 | D:3      | Noticed Ijyb
  1311 | D:3      | Noticed Jessica
  1322 | D:3      | HP: 8/32 [Ijyb/+0 club (8)]
  1325 | D:3      | HP: 2/32 [Jessica/+3 dagger of freezing (5)]
  1325 | D:3      | Slain by Jessica

Levels and vault maps discovered:
D:1:      dpeg_arrival_arbitrary_a, layout_rooms, minmay_rat_gold_closets
D:2:      layout_loops_cross, ebering_ecumenical_altar_mist, uniq_sigmund
D:3:      layout_basic, nzn_wu_jian_council_hall,
          nicolae_kikubaaqudgha_miasma_corner, nicolae_tso_besieged_by_evil,
          uniq_grinder, uniq_ijyb, uniq_jessica, uniq_crazy_yiuf_cottage

Skill      XL: |  1  2  3 |
---------------+----------+-----
Axes           | 2 3 5 |  5.3
Fighting       | |  3.4
Armour         | |  3.2
Shields        | |  3.2

Action                     |  1- 3 |  4- 6 || total
---------------------------+-------+-------++-------
  Melee: War axe           |   118 |    17 ||   135
    Use: Scroll            |     4 |     3 ||     7
         Potion            |       |     1 ||     1
 Armour: Scale mail        |    61 |    12 ||    73
  Dodge: Dodged            |    49 |     6 ||    55
  Block: Buckler           |    22 |     3 ||    25

Table legend:
 A = Non-vault XP
 B = Vault XP
 C = Vault XP percentage of total XP
 D = Non-vault monster count
 E = Vault monster count
 F = Vault count percentage of total count
                 A         B        C        D         E       F
            +---------+---------+-------+---------+---------+-------
      Total |      65 |     230 |  78.0 |      36 |       8 |  18.2
            +---------+---------+-------+---------+---------+-------
        D:1 |      45 |       7 |  13.5 |      26 |       7 |  21.2
        D:2 |      19 |     223 |  92.1 |       9 |       1 |  10.0
        D:3 |       1 |       0 |   0.0 |       1 |       0 |   0.0
            +---------+---------+-------+---------+---------+-------
